Map: Battle on the Boardwalk LE

Players

Nerchio

  • Race: Zerg Zerg
  • League: Grandmaster
  • Spawn Location: 1:00

Serral - Winner!

  • Race: Zerg Zerg
  • League: Grandmaster
  • Spawn Location: 11:00

Event: WESG Barcelona European Finals 2017

VOD

Have the link to the VOD?

Description

Time

  • Played on: Nov. 26, 2017, 12:38 p.m.
  • Length: 8:10

All games in this series

Show
View Real Time Build Order
Export as new Build Order

Nerchio Zerg 

Build Orders: Hatch First 

Get SALT Encoding   

  12  0:00  Drone  
  13  0:12  Overlord  
  13  0:17  Drone  
  14  0:30  Drone x2  
  14  0:34  Drone  
  17  0:51  Hatchery  
  17  0:55  Drone  
  17  0:58  Drone  
  17  1:02  Extractor  
  17  1:14  Spawning Pool  
  17  1:18  Drone  
  17  1:21  Drone  
  18  1:28  Drone  
  19  2:01  Zergling x4  
  21  2:03  Zergling x2, Queen  
  24  2:17  Zergling x2  
  21  2:36  Drone  
  21  2:37  Drone x2  
  22  2:40  Drone  
  22  2:42  Drone  
  24  2:46  Drone  
  24  2:50  Drone  
  26  2:55  Drone  
  28  2:58  Drone  
  28  3:02  Overlord  
  28  3:15  Metabolic Boost  
  28  3:20  Queen  
  28  3:21  Zergling x4  
  28  3:22  Zergling x2  
  28  3:24  Zergling x2  
  28  3:27  Zergling x2  
  35  3:31  Overlord  
  35  3:33  Zergling x2  
  36  3:43  Overlord  
  36  3:51  Zergling x8  
  36  3:53  Zergling x2  
  41  3:58  Zergling x2  
  42  4:08  Drone  
  42  4:09  Hatchery  
  42  4:10  Drone  
  42  4:13  Drone  
  44  4:18  Drone  
  44  4:23  Drone x3  
  48  4:26  Evolution Chamber  
  48  4:29  Drone  
  48  4:31  Drone  
  48  4:34  Drone  
  48  4:37  Drone  
  51  4:41  Overlord  
  51  4:44  Drone  
  52  4:47  Overlord  
  51  5:02  Zerg Ground Armor Level 1  
  51  5:03  Drone x4  
  55  5:12  Drone  
  55  5:14  Drone x4  
  59  5:16  Overlord  
  60  5:22  Evolution Chamber  
  60  5:24  Zergling x2  
  60  5:25  Zergling x2  
  60  5:26  Zergling x4  
  60  5:27  Zergling x2  
  60  5:28  Zergling x2  
  65  5:32  Zergling x4  
  67  5:39  Zergling x2  
  67  5:42  Zergling x2  
  69  5:43  Overlord  
  69  5:47  Zerg Melee Weapons Level 1  
  69  5:49  Zergling x6  
  71  5:51  Drone  
  71  5:53  Overlord, Unknown  
  72  6:00  Zergling x8  
  72  6:04  Drone  
  77  6:10  Drone x2, Extractor  
  78  6:16  Lair  
  78  6:18  Overlord  
  78  6:20  Drone x3  
  78  6:21  Overlord  
  80  6:29  Zergling x8  
  80  6:30  Zergling x2  
  80  6:32  Queen  
  84  6:37  Zergling x2  
  84  6:38  Zergling x2  
  84  6:40  Zergling x2  
  84  6:44  Hatchery  
  84  6:49  Zergling x4  
  84  6:50  Zergling x2  
  87  6:58  Overlord  
  87  6:59  Zergling x2  
  87  7:00  Zergling x2  
  87  7:01  Zergling x4  
  91  7:02  Zergling x2  
  91  7:04  Zergling x6  
  95  7:10  Zergling x4  
  95  7:15  Zergling x2  
  98  7:21  Overlord  
  99  7:22  Zergling x2  
  99  7:24  Overlord  
  99  7:32  Overlord  
  99  7:35  Zergling x4  
  99  7:36  Zergling x4  
  103  7:38  Zergling x4, Overlord  
  103  7:42  Zergling x6  
  108  7:45  Zergling x4  
  110  7:53  Zergling x2  
  82  8:06  Unknown  
Show
View Real Time Build Order
Export as new Build Order

Serral Zerg - Winner!

Build Orders: Pool First 

Get SALT Encoding   

  12  0:17  Spawning Pool  
  11  0:22  Drone  
  11  0:27  Drone  
  13  0:32  Drone  
  14  0:40  Overlord  
  14  1:03  Zergling x4  
  16  1:05  Zergling x2  
  17  1:15  Zergling x2  
  18  1:20  Hatchery  
  17  1:27  Zergling x2  
  18  1:35  Queen  
  20  1:41  Drone  
  21  1:47  Overlord  
  21  1:59  Drone  
  22  2:09  Drone  
  22  2:12  Queen  
  24  2:28  Drone  
  22  2:31  Drone  
  22  2:34  Drone  
  24  2:37  Queen  
  24  2:44  Drone x2  
  28  2:47  Drone  
  29  2:52  Drone  
  29  2:54  Queen  
  32  2:59  Extractor  
  32  3:00  Extractor  
  32  3:03  Drone x2  
  32  3:08  Overlord  
  32  3:10  Drone  
  32  3:11  Drone  
  34  3:17  Drone  
  34  3:18  Evolution Chamber  
  34  3:19  Drone  
  35  3:24  Drone  
  35  3:26  Drone  
  37  3:27  Drone  
  37  3:28  Drone  
  37  3:34  Drone  
  40  3:36  Drone  
  41  3:46  Roach Warren  
  41  3:47  Spine Crawler  
  38  3:55  Queen  
  42  4:08  Drone x2  
  42  4:09  Overlord x2  
  44  4:17  Overlord  
  44  4:19  Zerg Missile Weapons Level 1  
  44  4:23  Roach Warren  
  44  4:25  Lair  
  44  4:26  Drone x2  
  44  4:27  Drone x2  
  44  4:29  Drone x2  
  48  4:31  Drone  
  49  4:40  Evolution Chamber  
  49  4:42  Queen  
  49  4:43  Evolution Chamber  
  49  4:51  Drone  
  49  4:52  Drone, Extractor  
  50  4:54  Overlord  
  50  5:01  Overlord  
  50  5:13  Zerg Ground Armor Level 1  
  50  5:15  Roach x3  
  50  5:16  Roach x3  
  62  5:24  Hatchery  
  62  5:26  Glial Reconstitution  
  62  5:28  Overseer  
  61  5:37  Roach x3  
  67  5:45  Roach x4  
  67  5:49  Drone  
  76  5:52  Overlord  
  76  5:58  Hatchery, Overlord  
  76  5:59  Roach  
  76  6:03  Overseer, Overlord  
  77  6:09  Roach x2  
  81  6:17  Overlord  
  81  6:32  Drone  
  82  6:33  Roach x5  
  92  6:40  Hatchery  
  92  6:41  Roach x2  
  95  6:47  Overlord  
  95  6:49  Overlord  
  95  6:53  Roach x3  
  101  6:57  Overlord  
  101  7:03  Roach  
  101  7:05  Roach  
  105  7:10  Roach  
  107  7:17  Roach x6  
  119  7:28  Roach x3  
  125  7:35  Roach  
  127  7:38  Overlord  
  127  7:48  Roach x6  
  139  7:59  Ravager  
Tags
 
Add a new tag
Caveats
  • Supply blocks, unpowered buildings, or Contaminate may cause inaccurate times.
  • Supply counts are checked every 10 seconds.